cohdb
Replays
Latest Replays
All Replays
Popular Replays
Top Player Replays
Match Explorer
How It Works
Community
CoH3 Stats
Reddit
Sign in to upload your games and track your stats! →
Sign in with Steam
Match 43418854
Unlisted
Match 43418854
Overview
Messages
Build Orders
End
Vickers Machine Gun Team
Construct Section Command Post
Dingo Light Scout Car
Infantry Section
Infantry Section
Infantry Section
Construct Field Infirmary
Construct Platoon Command Post
Humber Armored Car
Grenade Package
6-pounder Anti-tank Gun Team
Adamir@Magnum.CZ
Dzindzu
Symbiosis
CAuMOH
0
0
Comments
sign in to comment!
No comments posted yet!